Map: 黄金之柱-天梯版

Players

iGXY (XY)

  • Race: Terran Terran

Cyan - Winner!

  • Race: Protoss Protoss
  • League: Master

Event: DreamHack SC2 Masters 2020 Winter

VOD

Have the link to the VOD?

Description

Time

  • Played on: Nov. 1, 2020, 6:47 a.m.
  • Length: 15:14

All games in this series

Show
View Real Time Build Order
Export as new Build Order

iGXY Terran 

Build Orders: Liberator Opening 

Get SALT Encoding   

  12  0:00  SCV  
  13  0:12  SCV  
  14  0:18  Supply Depot  
  14  0:24  SCV  
  15  0:40  SCV  
  15  0:41  Barracks  
  16  0:45  Refinery  
  16  0:52  SCV  
  17  1:04  SCV  
  18  1:16  SCV  
  19  1:29  Orbital Command, Marine  
  20  1:44  Command Center  
  20  1:48  Barracks Reactor  
  20  1:55  SCV  
  20  2:00  Supply Depot  
  21  2:07  SCV  
  22  2:15  Factory  
  22  2:19  SCV  
  22  2:22  Refinery  
  23  2:27  Marine x2  
  25  2:31  SCV  
  26  2:43  SCV  
  27  2:45  Marine x2  
  29  2:56  Orbital Command  
  29  3:00  Factory Tech Lab  
  29  3:04  Starport  
  29  3:05  SCV  
  30  3:08  Marine  
  30  3:09  Marine  
  32  3:17  SCV  
  33  3:20  Siege Tank  
  33  3:23  SCV  
  37  3:29  SCV  
  37  3:30  Marine x2  
  40  3:37  SCV, Supply Depot  
  41  3:41  Liberator  
  41  3:45  SCV  
  45  3:49  SCV  
  45  3:50  Supply Depot  
  46  3:58  Marine x2  
  48  4:03  Siege Tank  
  48  4:04  SCV x2  
  53  4:10  Supply Depot  
  53  4:16  Marine x2  
  54  4:19  SCV x2  
  54  4:27  Viking  
  54  4:30  Supply Depot  
  54  4:31  SCV x2  
  58  4:34  Marine  
  58  4:37  Marine  
  60  4:41  Siege Tank  
  59  4:52  Marine  
  60  4:55  Marine  
  56  5:02  SCV x2  
  54  5:09  Marine  
  54  5:13  Cyclone, Marine  
  59  5:14  SCV x2  
  59  5:21  Command Center  
  61  5:25  Supply Depot  
  61  5:26  SCV  
  61  5:28  Marine  
  63  5:31  Marine  
  63  5:33  SCV  
  65  5:38  SCV  
  66  5:45  Barracks x2, Siege Tank  
  66  5:46  Marine  
  66  5:48  SCV, Supply Depot  
  66  5:49  Marine  
  72  5:50  SCV  
  72  5:54  Starport  
  73  6:00  SCV  
  74  6:05  SCV  
  74  6:08  Refinery, Marine x2  
  74  6:09  Refinery  
  75  6:12  SCV  
  75  6:14  Supply Depot  
  75  6:17  SCV, Siege Tank  
  80  6:24  SCV  
  80  6:25  Engineering Bay  
  81  6:26  Engineering Bay  
  81  6:29  Supply Depot  
  81  6:30  SCV  
  82  6:33  Orbital Command, Barracks Tech Lab  
  82  6:34  Barracks Tech Lab  
  82  6:35  Starport Reactor  
  82  6:36  SCV  
  79  6:40  Supply Depot  
  79  6:42  SCV  
  77  6:48  SCV  
  77  6:52  Stimpack  
  77  6:54  SCV  
  82  6:57  Terran Infantry Weapons Level 1, Terran Infantry Armor Level 1  
  82  7:00  SCV  
  80  7:02  Supply Depot  
  80  7:06  SCV  
  80  7:07  Missile Turret  
  81  7:10  Combat Shield, Marine  
  81  7:11  Marine x3  
  81  7:13  SCV  
  85  7:15  Orbital Command  
  85  7:18  SCV  
  86  7:23  Siege Tank  
  86  7:25  SCV  
  86  7:29  Missile Turret  
  88  7:30  SCV  
  88  7:34  Marauder x2, Marine x2  
  95  7:37  SCV  
  95  7:38  Barracks  
  95  7:39  Barracks  
  95  7:42  SCV x2  
  98  7:49  SCV  
  97  7:54  SCV x2  
  97  7:56  Siege Tank  
  101  8:00  Missile Turret  
  101  8:01  SCV  
  101  8:03  Medivac x2  
  106  8:06  SCV  
  106  8:07  SCV  
  108  8:13  SCV  
  108  8:15  Armory  
  108  8:18  SCV, Refinery x2  
  108  8:19  SCV, Marauder x2, Marine x2  
  116  8:21  Missile Turret  
  116  8:25  SCV  
  118  8:31  SCV x2  
  119  8:35  Barracks Reactor, Concussive Shells, Barracks Tech Lab  
  119  8:37  SCV, Siege Tank  
  123  8:43  SCV x2  
  129  8:50  SCV, Marauder x2  
  129  8:51  Marine x2  
  129  8:55  SCV x2  
  138  8:56  Marine  
  138  9:02  SCV  
  137  9:04  Terran Infantry Armor Level 2, Terran Infantry Weapons Level 2  
  137  9:09  Marine  
  132  9:10  Marine  
  132  9:12  Marauder x2  
  132  9:13  Supply Depot  
  132  9:15  Supply Depot, Marauder  
  139  9:19  Supply Depot  
  139  9:24  Terran Vehicle Weapons Level 1  
  139  9:27  Marine  
  139  9:28  Marine  
  141  9:32  Command Center  
  141  9:35  Marine, Siege Tank  
  141  9:36  Supply Depot, Medivac x2  
  141  9:38  Supply Depot  
  149  9:39  Marine x2  
  149  9:45  Marauder, Marine x2  
  149  9:52  Marine  
  134  9:53  Marauder  
  134  9:57  Marine x2  
  134  10:02  Marine  
  134  10:03  Marauder  
  134  10:06  Medivac  
  134  10:07  Marauder  
  140  10:10  Marine  
  141  10:14  Marauder, Marine  
  141  10:16  Siege Tank  
  141  10:20  Marine  
  148  10:21  Marine  
  148  10:25  Marauder  
  148  10:26  Medivac  
  148  10:28  SCV, Marauder, Marine  
  153  10:29  SCV  
  153  10:32  Marine  
  150  10:36  Medivac, Marauder  
  150  10:38  Marine  
  150  10:39  Marine  
  150  10:41  SCV x2  
  143  10:46  Marauder, Marine  
  143  10:49  Marine  
  144  10:50  Missile Turret, Marine  
  144  10:52  SCV  
  144  10:55  Marine  
  141  10:57  Marauder  
  141  10:58  Siege Tank  
  141  11:00  SCV  
  141  11:05  SCV  
  141  11:07  Missile Turret x2  
  141  11:11  SCV  
  143  11:14  Marauder  
  143  11:16  Marauder, Marine x2  
  149  11:28  Terran Infantry Weapons Level 3  
  147  11:35  Marauder, Marine x2  
  151  11:43  Siege Tank  
  151  11:44  SCV x3  
  151  11:47  Missile Turret  
  157  11:51  Planetary Fortress  
  157  11:54  Marine  
  157  11:55  Marine  
  157  11:56  SCV  
  154  12:08  Marauder x2, Marine x2  
  139  12:09  SCV  
  119  12:18  Marauder, Marine  
  119  12:19  Marine  
  119  12:20  SCV x2  
  119  12:21  SCV  
  93  12:26  Marine x2  
  93  12:29  Marine  
  89  12:30  Marauder  
  89  12:32  SCV  
  89  12:33  SCV x2  
  89  12:36  Marine  
  84  12:45  SCV x3  
  84  12:46  Marine  
  84  12:47  Marine  
  84  12:49  Marine  
  84  12:56  Medivac  
  84  12:57  SCV, Medivac  
  84  12:58  SCV x2  
  84  13:06  Siege Tank  
  84  13:09  SCV  
  84  13:10  SCV x2  
  90  13:19  Missile Turret  
  90  13:21  SCV, Marauder  
  90  13:22  SCV x2  
  90  13:26  Medivac  
  90  13:27  Medivac, Missile Turret  
  99  13:29  Marauder x2  
  99  13:33  SCV  
  104  13:36  SCV x2  
  104  13:38  Siege Tank  
  108  13:43  Marauder  
  108  13:46  SCV  
  97  13:50  SCV  
  97  13:55  Marauder x2, Marine x2  
  92  13:56  SCV, Marine x2  
  92  13:58  SCV  
  92  14:02  SCV  
  97  14:04  Marauder  
  97  14:08  SCV  
  100  14:10  SCV, Missile Turret  
  100  14:13  Marine x2  
  100  14:14  SCV  
  103  14:20  Marine x2  
  103  14:21  Marauder  
  93  14:30  Marine  
  93  14:31  Marauder  
  81  14:32  SCV  
  81  14:33  SCV, Marine  
  67  14:38  Marine  
  67  14:39  Marine  
  67  14:42  Marauder  
Show
View Real Time Build Order
Export as new Build Order

Cyan Protoss - Winner!

Build Orders: 1 Gate Expand, Phoenix Opening 

Get SALT Encoding   

  12  0:00  Probe  
  13  0:12  Probe  
  14  0:20  Pylon  
  14  0:25  Probe  
  15  0:38  Probe (Chrono Boost)  
  15  0:40  Gateway  
  16  0:47  Probe (Chrono Boost)  
  16  0:49  Assimilator  
  17  0:52  Probe  
  18  1:04  Probe  
  19  1:17  Probe  
  20  1:28  Cybernetics Core  
  20  1:35  Nexus  
  20  1:38  Probe  
  21  1:46  Assimilator  
  21  1:50  Probe  
  22  1:54  Pylon  
  21  2:04  Probe  
  22  2:12  Adept (Chrono Boost)  
  24  2:16  Probe  
  25  2:25  Stargate  
  25  2:28  Probe  
  26  2:32  Adept (Chrono Boost)  
  28  2:38  Warp Gate  
  28  2:42  Probe (Chrono Boost)  
  29  2:49  Probe (Chrono Boost)  
  30  2:55  Adept  
  30  2:57  Probe (Chrono Boost)  
  30  2:58  Probe (Chrono Boost)  
  34  3:03  Probe (Chrono Boost)  
  34  3:04  Probe  
  36  3:10  Phoenix (Chrono Boost)  
  38  3:14  Pylon  
  38  3:15  Probe  
  38  3:16  Probe  
  40  3:24  Assimilator  
  40  3:27  Probe  
  40  3:28  Probe, Phoenix (Chrono Boost)  
  44  3:39  Probe  
  44  3:40  Robotics Facility  
  45  3:44  Gateway  
  45  3:48  Probe  
  46  3:54  Probe  
  47  3:57  Phoenix (Chrono Boost), Assimilator  
  47  4:00  Probe  
  50  4:05  Pylon  
  50  4:08  Probe  
  51  4:12  Shield Battery  
  51  4:14  Probe  
  52  4:19  Phoenix  
  52  4:25  Immortal (Chrono Boost)  
  52  4:31  Adept  
  58  4:37  Shield Battery  
  58  4:38  Adept  
  58  4:44  Probe  
  61  4:51  Pylon  
  61  4:59  Probe  
  62  5:04  Pylon  
  62  5:09  Probe, Immortal, Phoenix  
  69  5:18  Robotics Bay  
  69  5:19  Pylon  
  69  5:21  Probe  
  70  5:30  Probe  
  70  5:33  Nexus  
  71  5:37  Probe  
  71  5:38  Pylon  
  72  5:46  Twilight Council  
  72  5:48  Forge, Observer (Chrono Boost)  
  73  5:50  Probe  
  73  5:54  Probe  
  75  6:02  Probe, Observer (Chrono Boost)  
  75  6:04  Pylon  
  74  6:06  Probe  
  75  6:14  Probe  
  76  6:18  Probe  
  76  6:19  Colossus (Chrono Boost)  
  83  6:26  Probe  
  83  6:30  Pylon, Protoss Ground Weapons Level 1 (Chrono Boost)  
  83  6:31  Charge  
  84  6:46  Probe x2 (Chrono Boost)  
  87  6:47  Extended Thermal Lance  
  87  6:51  Probe (Chrono Boost)  
  87  6:55  Probe (Chrono Boost), Gateway  
  87  6:56  Probe (Chrono Boost), Gateway  
  87  6:59  Probe (Chrono Boost)  
  87  7:00  Probe (Chrono Boost)  
  90  7:01  Gateway  
  90  7:06  Colossus (Chrono Boost)  
  91  7:10  Probe  
  91  7:12  Probe  
  91  7:15  Sentry  
  101  7:16  Sentry  
  101  7:21  Gateway  
  103  7:25  Gateway  
  103  7:28  Gateway  
  103  7:31  Gateway  
  103  7:32  Observer  
  103  7:37  Shield Battery  
  103  7:38  Probe x2, Pylon  
  103  7:40  Pylon  
  103  7:43  Pylon  
  105  7:45  Observer  
  105  7:46  Templar Archives  
  105  7:47  Probe  
  105  7:50  Probe  
  107  7:58  Colossus (Chrono Boost)  
  107  8:02  Zealot  
  107  8:04  Zealot  
  117  8:08  Zealot x2  
  117  8:10  Zealot  
  123  8:16  Pylon  
  123  8:20  Assimilator  
  123  8:22  Assimilator  
  123  8:26  Forge  
  123  8:32  Protoss Ground Weapons Level 2 (Chrono Boost)  
  123  8:41  Warp Prism (Chrono Boost)  
  123  8:48  Nexus  
  124  8:50  Pylon, Robotics Facility  
  124  8:51  Pylon  
  124  9:09  High Templar x2  
  128  9:10  Warp Prism, High Templar  
  128  9:11  Zealot x5, High Templar  
  128  9:15  Archon  
  144  9:21  Nexus  
  144  9:24  Probe x2  
  144  9:25  Pylon  
  144  9:27  Archon  
  144  9:29  Blink  
  146  9:32  Probe  
  146  9:36  Probe  
  148  9:42  Observer  
  148  9:43  Protoss Ground Armor Level 1 (Chrono Boost)  
  135  9:46  Observer  
  122  9:56  Zealot, High Templar x2  
  122  9:57  Zealot x6  
  140  10:01  Archon, Gravitic Drive (Chrono Boost)  
  140  10:16  Photon Cannon  
  140  10:17  Shield Battery  
  140  10:18  Pylon  
  138  10:21  Zealot x4  
  138  10:22  Zealot x3  
  146  10:34  Protoss Ground Weapons Level 3 (Chrono Boost)  
  138  10:41  Zealot x2  
  138  10:42  Zealot x7  
  136  10:48  Probe x2  
  136  10:49  Probe x2  
  122  10:57  Disruptor (Chrono Boost)  
  122  10:59  Colossus (Chrono Boost), Disruptor (Chrono Boost)  
  116  11:10  Zealot x2  
  120  11:13  Probe x3, Dark Shrine  
  123  11:23  Disruptor (Chrono Boost)  
  129  11:27  Protoss Ground Armor Level 2 (Chrono Boost), Zealot  
  129  11:28  Zealot x3, Disruptor (Chrono Boost)  
  129  11:29  Zealot  
  137  11:35  Assimilator  
  137  11:39  Assimilator  
  132  11:41  Zealot x2  
  132  11:46  Zealot x2  
  140  11:51  Disruptor  
  143  12:00  Disruptor  
  143  12:06  Zealot x4  
  143  12:07  Zealot x5  
  119  12:26  Zealot  
  119  12:27  Stalker x5, Zealot, Disruptor  
  119  12:28  Zealot  
  126  12:34  Probe  
  126  12:35  Disruptor  
  124  12:40  Stalker  
  122  12:47  Stalker  
  118  12:53  Dark Templar x2  
  118  12:55  Probe x2  
  124  12:59  Shadow Stride (Chrono Boost)  
  124  13:01  Nexus  
  124  13:02  Disruptor  
  124  13:04  Pylon  
  127  13:09  Sentry x2  
  127  13:10  Zealot x2  
  127  13:11  Disruptor  
  138  13:16  Stalker x2  
  138  13:18  Stalker  
  144  13:26  Dark Templar  
  146  13:28  Zealot  
  146  13:33  Zealot x3, Dark Templar  
  156  13:38  Disruptor  
  156  13:40  Probe x2  
  143  14:06  Assimilator  
  143  14:08  Assimilator  
  143  14:10  Stalker x3  
  143  14:11  Stalker  
  143  14:12  Gateway  
  143  14:16  Gateway  
  151  14:19  Gateway  
  151  14:20  Shield Battery  
  151  14:22  Pylon  
  145  14:28  Dark Templar x3  
Tags
 
Add a new tag
Caveats
  • Supply blocks, unpowered buildings, or Contaminate may cause inaccurate times.
  • Supply counts are checked every 10 seconds.